AoeStats
← Farid Guadarrama

Black Forest

505977629Analyzed
4v4 RM · 21d ago on Sep 11, 2026· 53m 59s· 8 players
Game mode
Random Map
Map size
Large (8 player)
Population
200
Speed
Normal
Resources
Standard
Victory
Conquest
Starting age
Dark Age
Ending age
Imperial Age
RankedLock teamsTeams togetherTeam positionsShared explorationLock speedFull tech treeHidden civsTurbo modeCheats
Victory
Defeat
🇭🇰 Sicilians · Hong Kong SAR China
798
+17
🇳🇴 Byzantines · Norway
796
+17
🇹🇷 Turks · Türkiye
793
+17
🇲🇽 Chinese · Mexico
680
+21
🇧🇷 Turks · Brazil
860
-57
🇩🇪 Spanish · Germany
806
-18
793
-17
🇵🇪 Mongols · Peru
778
-17
hoodwatcher609
12:45 Feudal Age
18:35 Castle Age
23:09 Forging
23:05 Scale Barding Armor
27:48 Double-Bit Axe
33:06 Stone Mining
33:09 Gold Mining
33:33 Bow Saw
36:18 Imperial Age
34:47 Wheelbarrow
36:35 Hand Cart
38:12 Two-Man Saw
41:10 Chemistry
40:31 Ballistics
40:08 Murder Holes
40:55 Stone Shaft Mining
40:41 Husbandry
41:31 Cavalier
42:16 Horse Collar
43:48 Paladin
45:03 Heavy Plow
47:11 Iron Casting
46:57 Chain Barding Armor
51:13 Elite Conquistador
Luisilloelpillo
4:55 Loom
12:17 Feudal Age
17:22 Castle Age
30:41 Horse Collar
33:13 Fletching
33:24 Padded Archer Armor
35:59 Imperial Age
41:51 Parthian Tactics
40:46 Heavy Cavalry Archer
42:01 Leather Archer Armor
41:48 Scale Mail Armor
41:59 Forging
43:39 Bodkin Arrow
43:59 Chain Mail Armor
43:54 Thumb Ring
43:10 Elite Skirmisher
44:42 Squires
TRMN. no pain, no gain
8:17 Loom
10:43 Feudal Age
13:35 Stone Mining
16:30 Double-Bit Axe
18:54 Gold Mining
19:15 Scale Mail Armor
21:19 Forging
22:05 Horse Collar
28:39 Castle Age
30:24 Chain Mail Armor
31:51 Heavy Plow
32:30 Stone Shaft Mining
32:34 Gold Shaft Mining
34:36 Bow Saw
38:40 Iron Casting
46:39 Elite Skirmisher
48:19 Padded Archer Armor
48:10 Fletching
53:42 Imperial Age
51:51 Wheelbarrow
Nolan
21:47 Feudal Age
23:26 Man-at-Arms
26:18 Horse Collar
30:58 Castle Age
35:08 Long Swordsman
41:58 Scale Mail Armor
41:59 Padded Archer Armor
45:27 Chain Mail Armor
45:28 Leather Archer Armor
50:05 Loom
50:09 Town Watch
riskmanager19
0:29 Loom
15:24 Feudal Age
16:13 Double-Bit Axe
20:15 Horse Collar
24:00 Gold Mining
24:02 Stone Mining
26:50 Castle Age
27:46 Bow Saw
27:39 Heavy Plow
28:42 Forging
28:35 Scale Mail Armor
29:52 Stone Shaft Mining
29:54 Gold Shaft Mining
30:52 Fletching
33:15 Wheelbarrow
32:27 Treadmill Crane
34:18 Bodkin Arrow
35:04 Fortified Wall
35:44 Hand Cart
35:36 Pikeman
36:16 Squires
37:13 Iron Casting
37:25 Chain Mail Armor
37:11 Padded Archer Armor
36:36 Elite Skirmisher
38:56 Thumb Ring
42:26 Imperial Age
41:03 Ballistics
40:39 Murder Holes
41:18 Leather Archer Armor
44:09 Chemistry
43:49 Crop Rotation
44:22 Two-Man Saw
43:30 Halberdier
45:24 Bracer
45:55 Plate Mail Armor
45:56 Ring Archer Armor
46:00 Coinage
46:25 Conscription
47:10 Bombard Tower
49:36 Greek Fire
hardrock
12:17 Feudal Age
11:31 Loom
13:52 Double-Bit Axe
18:44 Gold Mining
18:48 Stone Mining
23:27 Castle Age
22:46 Horse Collar
24:18 Bow Saw
24:11 Heavy Plow
24:53 Gold Shaft Mining
30:25 Imperial Age
29:53 Forging
30:47 Wheelbarrow
33:26 Conscription
33:07 Artillery
35:19 Heavy Camel Rider
37:31 Sipahi
38:42 Bloodlines
40:33 Ballistics
42:03 Hand Cart
42:32 Scale Barding Armor
44:45 Chain Barding Armor
45:01 Iron Casting
44:27 Scale Mail Armor
45:24 Bombard Tower
鬼祟君_HK
11:38 Feudal Age
13:13 Wheelbarrow
12:27 Double-Bit Axe
12:25 Horse Collar
12:36 Loom
12:36 Town Watch
13:59 Stone Mining
13:51 Man-at-Arms
14:58 Arson
19:06 Forging
22:28 Castle Age
22:23 Gold Mining
23:26 Hand Cart
23:07 Long Swordsman
23:09 Elite Skirmisher
27:21 Gold Shaft Mining
27:19 Fletching
30:58 Bodkin Arrow
31:45 Scale Mail Armor
32:30 Pikeman
33:28 Bloodlines
38:42 Gambesons
42:16 Town Patrol
44:17 Bow Saw
44:36 Squires
43:59 Crossbowman
49:35 Imperial Age
48:22 Heavy Plow
48:48 First Crusade
49:46 Two-Handed Swordsman
50:52 Conscription
50:47 Champion
50:52 Halberdier
51:53 Chain Mail Armor
52:31 Iron Casting
52:30 Elite Serjeant
Farid Guadarrama
0:50 Loom
13:05 Feudal Age
14:35 Wheelbarrow
13:49 Double-Bit Axe
15:20 Horse Collar
19:21 Gold Mining
19:25 Stone Mining
24:45 Castle Age
25:48 Hand Cart
26:12 Stone Shaft Mining
26:16 Gold Shaft Mining
27:15 Bow Saw
27:32 Murder Holes
27:58 Ballistics
28:00 Heavy Plow
30:47 Padded Archer Armor
30:38 Fletching
32:19 Thumb Ring
33:45 Leather Archer Armor
33:52 Bodkin Arrow
39:31 Imperial Age
39:51 Masonry
39:52 Fortified Wall
39:42 Heated Shot
40:48 Ring Archer Armor
40:19 Bracer
39:43 Heavy Rocket Cart
41:38 Chemistry
41:09 Architecture
42:14 Town Watch
44:30 Rocketry
47:27 Elite Chu Ko Nu
Connection lost

Rejoining the realm…

Still unreachable

The connection could not be restored.

Session expired

The server has moved on; the page needs a fresh start.